[Event "fics rated crazyhouse match"]
[Site "fics, Oklahoma City, OK USA"]
[Date "2000.11.28"]
[White "LINDEGREN"]
[WhiteElo "2403"]
[Black "pminear"]
[BlackElo "2447"]
[TimeControl "60+0"]
[Result "0-1"]

1. e4 e5 2. Nf3 Nc6 3. Bc4 Bc5 4. d3 Nf6 5. O-O O-O 6. Nc3 
d6 7. Be3 Bg4 8. h3 Bxf3 9. Qxf3 Bxe3 10. fxe3 B@b6 11. Kh1 N@g5 
12. Qg3 Nh5 13. Qe1 Bxe3 14. Qxe3 P@f4 15. Qe1 Ng3+ 16. Kh2 Nxf1+ 17. Qxf1 
R@g3 18. B@f2 Nd4 19. Bxg3 fxg3+ 20. Kh1 Nxc2 21. N@f5 Nxa1 22. B@g1 P@f2 
23. Nxg3 fxg1=Q+ 24. Qxg1 B@f4 25. B@f2 B@d4 26. Nf5 Bxf2 27. Qxf2 B@c5 28. d4 
Bxd4 29. Nxd4 P@g3 30. Qe2 R@h2+ 31. Kg1 exd4 32. B@h5 Nxh3+ 33. gxh3 P@f2+ 
34. Kf1 Rh1+ 35. Kg2 N@h4# 
{LINDEGREN forfeits on time} 0-1

[Event "fics rated crazyhouse match"]
[Site "fics, Oklahoma City, OK USA"]
[Date "2000.11.28"]
[White "pminear"]
[WhiteElo "2454"]
[Black "LINDEGREN"]
[BlackElo "2396"]
[TimeControl "60+0"]
[Result "1-0"]

1. e4 e6 2. Nc3 Nf6 3. e5 Nd5 4. Nxd5 exd5 5. d4 d6 6. Nf3 
Nc6 7. Bb5 Bg4 8. N@b4 N@b8 9. Nxd5 dxe5 10. dxe5 P@e6 11. Bxc6+ Nxc6 
12. N@f6+ gxf6 13. Nxf6+ Qxf6 14. P@d7+ Kd8 15. exf6 B@b4+ 16. P@c3 Bbd6 17. Q@e8# 
{LINDEGREN checkmated} 1-0

[Event "fics rated crazyhouse match"]
[Site "fics, Oklahoma City, OK USA"]
[Date "2000.11.28"]
[White "LINDEGREN"]
[WhiteElo "2389"]
[Black "pminear"]
[BlackElo "2461"]
[TimeControl "60+0"]
[Result "0-1"]

1. e4 e5 2. Nc3 Nc6 3. Nf3 Bc5 4. Bc4 Nf6 5. Bxf7+ Kxf7 6. Ng5+ 
Kf8 7. O-O B@h5 8. d3 Bxd1 9. Rxd1 Bxf2+ 10. Kxf2 Ng4+ 11. Kg1 Qxg5 
12. Bxg5 N@h3# 
{LINDEGREN resigns} 0-1

[Event "fics rated crazyhouse match"]
[Site "fics, Oklahoma City, OK USA"]
[Date "2000.11.28"]
[White "pminear"]
[WhiteElo "2467"]
[Black "LINDEGREN"]
[BlackElo "2383"]
[TimeControl "60+0"]
[Result "1-0"]

1. e4 Nf6 2. Nc3 Nc6 3. d4 d5 4. exd5 Nxd5 5. Nf3 e6 6. Nxd5 
Bb4+ 7. Nxb4 Nxb4 8. N@h5 Rg8 9. B@g5 f6 10. Nxg7+ Rxg7 11. Bxf6 Qxf6 
12. P@e5 Qf5 13. P@f6 Rg8 14. Bd3 P@e4 15. Bb5+ B@c6 16. Bxc6+ bxc6 17. Ng5 
B@g6 18. B@h5 N@h4 19. Bxg6+ Rxg6 20. P@f7+ Kf8 21. B@e7# 
{LINDEGREN checkmated} 1-0

[Event "fics rated crazyhouse match"]
[Site "fics, Oklahoma City, OK USA"]
[Date "2000.11.28"]
[White "LINDEGREN"]
[WhiteElo "2377"]
[Black "pminear"]
[BlackElo "2473"]
[TimeControl "60+0"]
[Result "1-0"]

1. e4 e5 2. Nc3 Nc6 3. Nf3 Bc5 4. Bc4 Nf6 5. Bxf7+ Kxf7 6. Ng5+ 
Kf8 7. O-O B@h5 8. P@f3 d6 9. d3 h6 10. Be3 hxg5 11. Bxg5 N@f7 
12. Bxf6 gxf6 13. Nd5 Rg8 14. P@g4 Bg6 15. N@f5 Bgxf5 16. exf5 Bxf5 17. gxf5 
P@h3 18. B@g6 hxg2 19. Kxg2 N@h4+ 20. Kg1 Nxf5 21. B@h5 P@h7 22. P@g3 hxg6 
23. Bg4 B@e6 24. Nc3 P@h5 25. Bh3 Ng5 26. Bxf5 Bxf5 27. Ne4 Bxe4 28. dxe4 
B@h3 29. B@h4 B@g2 30. Bxg5 Bxf1 31. N@e6+ Bxe6 32. Qxf1 
{pminear forfeits on time} 1-0

[Event "fics rated crazyhouse match"]
[Site "fics, Oklahoma City, OK USA"]
[Date "2000.11.28"]
[White "pminear"]
[WhiteElo "2463"]
[Black "LINDEGREN"]
[BlackElo "2387"]
[TimeControl "60+0"]
[Result "1-0"]

1. e4 Nf6 2. Nc3 e6 3. e5 Nd5 4. Nxd5 exd5 5. d4 d6 6. Nf3 
Nc6 7. Bb5 Bd7 8. Qe2 a6 9. exd6+ N@e4 10. dxc7 Qxc7 11. Bd3 P@g4 
12. Bxe4 dxe4 13. Qxe4+ Be7 14. N@d5 Qa5+ 15. Bd2 Qxd5 16. N@c7+ Kf8 17. Nxd5 
gxf3 18. Nxe7 Nxe7 19. B@d6 B@f6 20. P@h6 fxg2 21. hxg7+ Kg8 22. gxh8=Q+ Kxh8 
23. Rg1 N@h4 24. Qxh4 Bxh4 25. P@g7+ Kxg7 26. Q@h6+ Kg8 27. R@g7+ Kf8 28. Bxe7+ 
Kxe7 29. Bb4+ Kd8 30. Rg8+ B@e8 31. P@c7+ Kc8 32. Rxe8+ Bxe8 33. N@b6+ Kxc7 
34. Nxa8+ Kc8 35. N@b6+ Kd8 36. R@c8# 
{LINDEGREN checkmated} 1-0

[Event "fics rated crazyhouse match"]
[Site "fics, Oklahoma City, OK USA"]
[Date "2000.11.28"]
[White "LINDEGREN"]
[WhiteElo "2381"]
[Black "pminear"]
[BlackElo "2469"]
[TimeControl "60+0"]
[Result "1-0"]

1. e4 e5 2. Nc3 Nc6 3. Nf3 Bc5 4. Bc4 Nf6 5. Bxf7+ Kxf7 6. Ng5+ 
Kf8 7. O-O B@h5 8. P@f3 d6 9. d3 h6 10. Nh3 Bxh3 11. gxh3 Nd4 
12. B@g2 Bxf3 13. Bxf3 Nxf3+ 14. Qxf3 N@d4 15. Qg3 B@f7 16. B@g2 P@f4 17. Bxf4 
exf4 18. Qxf4 B@e5 19. Qd2 Bxh2+ 20. Kxh2 P@f3 21. Bh1 Qe7 22. P@e3 Nxc2 
23. Bxf3 Nxa1 24. Rxa1 g5 25. N@f5 Qe5+ 26. B@g3 P@f4 27. P@g7+ Kg8 28. gxh8=Q+ 
Kxh8 29. P@g7+ Kh7 30. R@h8+ Rxh8 31. gxh8=Q+ Kxh8 32. exf4 Ng4+ 33. Bxg4 Qf6 
34. fxg5 hxg5 35. R@h6+ Qxh6 36. Nxh6 R@g7 37. Q@f8+ R@g8 38. Nxf7+ Rxf7 39. B@f6+ 
P@g7 40. N@g6+ Kh7 41. Qxf7 R@h6 42. R@h5 Rxh5 43. Bxh5 R@h6 44. Nf8+ Rxf8 
45. Qxg7# 
{pminear checkmated} 1-0

[Event "fics rated crazyhouse match"]
[Site "fics, Oklahoma City, OK USA"]
[Date "2000.11.28"]
[White "pminear"]
[WhiteElo "2459"]
[Black "LINDEGREN"]
[BlackElo "2391"]
[TimeControl "60+0"]
[Result "1-0"]

1. e4 e6 2. Nc3 Nf6 3. e5 Nd5 4. Nxd5 exd5 5. d4 d6 6. Nf3 
Nc6 7. Bb5 Bd7 8. Qe2 Be7 9. N@h5 O-O 10. exd6 Bxd6 11. Bxc6 bxc6 
12. P@h6 Re8 13. N@e5 gxh6 14. Bxh6 B@f6 15. Nxf6+ Qxf6 16. Bg5 Qg6 17. Nxg6 
Rxe2+ 18. Kxe2 Q@e4+ 19. R@e3 Qxg6 20. B@e5 Qxc2+ 21. Kf1 Bxe5 22. dxe5 P@h3 
23. Rg1 B@a6+ 24. P@e2 N@f5 25. gxh3 Nxe3+ 26. Bxe3+ P@g6 27. N@h6+ Kh8 28. B@f6+ 
P@g7 29. Q@g8# 
{LINDEGREN resigns} 1-0

[Event "fics rated crazyhouse match"]
[Site "fics, Oklahoma City, OK USA"]
[Date "2000.11.28"]
[White "LINDEGREN"]
[WhiteElo "2385"]
[Black "pminear"]
[BlackElo "2465"]
[TimeControl "60+0"]
[Result "1-0"]

1. e4 e5 2. Nc3 Nc6 3. Nf3 Bc5 4. Bc4 Nf6 5. O-O O-O 6. h3 
d6 7. d3 Be6 8. Ne2 Bxc4 9. dxc4 Nxe4 10. B@h4 Qxh4 11. Nxh4 Nxf2 
12. Rxf2 Bxf2+ 13. Kxf2 P@f4 14. Nf5 B@f6 15. N@g4 B@h4+ 16. g3 fxg3+ 17. Nexg3 
Bxg3+ 18. Nxg3 Bh4 19. B@f3 P@f4 20. B@e4 Bxg3+ 21. Kg2 N@h4+ 22. Kf1 Nd4 
23. P@f6 R@g1+ 24. Kxg1 Ndxf3+ 25. Bxf3 P@f2+ 26. Kh1 
{pminear forfeits on time} 1-0

[Event "fics rated crazyhouse match"]
[Site "fics, Oklahoma City, OK USA"]
[Date "2000.11.28"]
[White "pminear"]
[WhiteElo "2455"]
[Black "LINDEGREN"]
[BlackElo "2395"]
[TimeControl "60+0"]
[Result "1-0"]

1. e4 e6 2. Nc3 b6 3. d4 Bb7 4. Bd3 Nf6 5. Bg5 Bb4 6. a3 
Bxc3+ 7. bxc3 h6 8. Bxf6 Qxf6 9. e5 Qg5 10. B@f3 N@h4 11. Bxb7 Nxg2+ 
12. Bxg2 Qxg2 13. B@f3 Qg5 14. Bxa8 P@e3 15. R@c8+ B@d8 16. Nh3 exf2+ 17. Nxf2 
P@e3 18. Ne4 B@d2+ 19. Ke2 Qg2+ 20. P@f2 O-O 21. Rg1 Qxh2 22. Nf6+ Kh8 
23. Rxd8 Rxd8 24. N@g6+ fxg6 25. N@f7# 
{LINDEGREN checkmated} 1-0

[Event "fics rated crazyhouse match"]
[Site "fics, Oklahoma City, OK USA"]
[Date "2000.11.28"]
[White "LINDEGREN"]
[WhiteElo "2388"]
[Black "pminear"]
[BlackElo "2462"]
[TimeControl "60+0"]
[Result "0-1"]

1. e4 e5 2. Nc3 Nc6 3. Nf3 Bc5 4. Bc4 Nf6 5. O-O O-O 6. h3 
d6 7. d3 Nd4 8. Nxd4 Bxd4 9. Ne2 Bb6 10. Ng3 N@f4 11. N@f5 Bxf5 
12. Nxf5 N@e2+ 13. Kh2 Bxf2 14. Rxf2 P@g3+ 15. Nxg3 Nxg3 16. Kxg3 N6h5+ 17. Kf3 
Qg5 18. N@g4 N@d4+ 19. Ke3 Nxg2# 
{LINDEGREN checkmated} 0-1

[Event "fics rated crazyhouse match"]
[Site "fics, Oklahoma City, OK USA"]
[Date "2000.11.28"]
[White "pminear"]
[WhiteElo "2468"]
[Black "LINDEGREN"]
[BlackElo "2382"]
[TimeControl "60+0"]
[Result "1-0"]

1. e4 e6 2. Nc3 Nf6 3. e5 Nd5 4. Nxd5 exd5 5. d4 Bb4+ 6. Bd2 
Be7 7. N@h5 Rg8 8. Bd3 d6 9. Bxh7 Rh8 10. Nxg7+ Kf8 11. P@f6 Bxf6 
12. exf6 Qxf6 13. Nh5 Qe6+ 14. Qe2 Rxh7 15. P@g7+ Rxg7 16. Nxg7 Qxe2+ 17. Nxe2 
Bd7 18. B@f6 Nc6 19. R@h8+ B@g8 20. Nh5 Q@g6 21. Q@h6+ Ke8 22. Qxg6 fxg6 
23. Rxg8+ Kf7 24. Rg7+ Ke6 25. Q@f7+ Kf5 26. Bh4+ Kg4 27. Qf3+ Kxh4 28. B@g5# 
{LINDEGREN checkmated} 1-0

[Event "fics rated crazyhouse match"]
[Site "fics, Oklahoma City, OK USA"]
[Date "2000.11.28"]
[White "LINDEGREN"]
[WhiteElo "2376"]
[Black "pminear"]
[BlackElo "2474"]
[TimeControl "60+0"]
[Result "1-0"]

1. e4 e5 2. Nc3 Nc6 3. Nf3 Bc5 4. Bb5 Nf6 5. O-O O-O 6. Bxc6 
dxc6 7. Nxe5 B@h5 8. P@f3 Bd4 9. Nc4 Bxc3 10. bxc3 Nxe4 11. d4 Nxc3 
12. Qd3 P@e2 13. Re1 P@h3 14. Qxc3 hxg2 15. B@h6 P@g4 16. fxg4 Bcxg4 17. Bxg7 
N@h3+ 18. Kxg2 P@f3+ 19. Kg3 Kxg7 20. P@h6+ Kg8 21. P@h4 B@f6 22. P@g5 Bxd4 
23. Qd3 Be5+ 24. Nxe5 P@f4+ 25. Bxf4 Nxf4 26. N@f6+ Qxf6 27. gxf6 
{pminear forfeits on time} 1-0

[Event "fics rated crazyhouse match"]
[Site "fics, Oklahoma City, OK USA"]
[Date "2000.11.28"]
[White "pminear"]
[WhiteElo "2464"]
[Black "LINDEGREN"]
[BlackElo "2386"]
[TimeControl "60+0"]
[Result "1-0"]

1. e4 e6 2. Nc3 b6 3. d4 Bb7 4. Bd3 Nf6 5. Bg5 Be7 6. Bxf6 
Bxf6 7. Nf3 B@h5 8. Be2 d5 9. e5 Be7 10. N@f4 Bxf3 11. Bxf3 N@h4 
12. Nh5 Rg8 13. B@d3 Nxf3+ 14. Qxf3 B@f5 15. Bxf5 exf5 16. Qxf5 B@g6 17. Qg4 
Nc6 18. e6 fxe6 19. Qxe6 P@f7 20. P@d7+ Qxd7 21. N@f6+ gxf6 22. Nxf6+ Kf8 
23. B@h6+ Rg7 24. Nxd7+ Kg8 25. Nf6+ Bxf6 26. Qxf6 Re8+ 27. P@e5 N@h5 28. Qxg7+ 
Nxg7 29. R@h8+ Kxh8 30. Bxg7+ Kg8 31. Q@h8# 
{LINDEGREN checkmated} 1-0

[Event "fics rated crazyhouse match"]
[Site "fics, Oklahoma City, OK USA"]
[Date "2000.11.28"]
[White "LINDEGREN"]
[WhiteElo "2380"]
[Black "pminear"]
[BlackElo "2470"]
[TimeControl "60+0"]
[Result "0-1"]

1. e4 e5 2. Nc3 Nc6 3. Nf3 Bc5 4. Bb5 Nf6 5. O-O O-O 6. Bxc6 
dxc6 7. Nxe5 B@h5 8. P@f3 Bd4 9. Nc4 Bxc3 10. bxc3 Nxe4 11. Ne3 P@h3 
12. gxh3 Bxh3 13. N@f4 Bxf1 14. Qxf1 Bxf3 15. P@g2 P@e2 16. Nxe2 Bxe2 17. Qxe2 
N@f4 18. Qg4 N@e2+ 19. Qxe2 Nxe2+ 20. Kf1 Q@g1+ 21. Kxe2 Qxf2# 
{LINDEGREN resigns} 0-1

[Event "fics rated crazyhouse match"]
[Site "fics, Oklahoma City, OK USA"]
[Date "2000.11.28"]
[White "pminear"]
[WhiteElo "2476"]
[Black "LINDEGREN"]
[BlackElo "2374"]
[TimeControl "60+0"]
[Result "1-0"]

1. e4 e6 2. Nc3 Nf6 3. e5 Nd5 4. Nxd5 exd5 5. d4 d6 6. Nf3 
Be7 7. Bd3 N@e4 8. c4 c6 9. N@h5 Rg8 10. exd6 Bxd6 11. P@e5 Bb4+ 
12. Bd2 Nxd2 13. Nxd2 Bxd2+ 14. Qxd2 B@h6 15. Qxh6 gxh6 16. N@f6+ Kf8 17. Nxh7+ 
Ke8 18. N5f6+ Qxf6 19. Nxf6+ Kd8 
{LINDEGREN resigns} 1-0

[Event "fics rated crazyhouse match"]
[Site "fics, Oklahoma City, OK USA"]
[Date "2000.11.28"]
[White "LINDEGREN"]
[WhiteElo "2368"]
[Black "pminear"]
[BlackElo "2482"]
[TimeControl "60+0"]
[Result "0-1"]

1. e4 e5 2. Nc3 Nc6 3. Nf3 Bc5 4. Bb5 Nf6 5. O-O d6 6. d3 
Bg4 7. h3 Bh5 8. Bxc6+ bxc6 9. N@f5 Rg8 10. Be3 B@e6 11. Bxc5 Bxf5 
12. exf5 dxc5 13. B@b7 B@d7 14. Bxa8 Qxa8 15. B@e2 Bxf5 16. Nxe5 Bxe2 17. Qxe2 
N@d4 18. Qd2 B@d6 19. Rae1 B@e6 20. B@g3 Bxe5 21. Bxe5 N@f3+ 22. gxf3 Nxf3+ 
23. Kh1 P@g2+ 24. Kxg2 Nxd2 25. Kh2 Nf3+ 26. Kg3 Nxe5 27. B@e2 P@h4+ 28. Kg2 
Bxh3+ 29. Kh2 Q@g2# 
{LINDEGREN checkmated} 0-1

[Event "fics rated crazyhouse match"]
[Site "fics, Oklahoma City, OK USA"]
[Date "2000.11.28"]
[White "pminear"]
[WhiteElo "2487"]
[Black "LINDEGREN"]
[BlackElo "2363"]
[TimeControl "60+0"]
[Result "1-0"]

1. e4 Nf6 2. Nc3 Nc6 3. d4 d5 4. exd5 Nxd5 5. Nxd5 Qxd5 6. Nf3 
e6 7. N@e3 Bb4+ 8. c3 Qd8 9. cxb4 Nxb4 10. B@a4+ P@c6 11. P@c3 Nd5 
12. Nxd5 exd5 13. Qe2+ P@e4 14. N@h5 Rg8 15. Bg5 f6 16. Bc1 N@e6 17. Nd2 
Qe7 18. Bc2 g6 19. Nxf6+ Qxf6 20. Bxe4 dxe4 21. Nxe4 Qf7 22. Ng5 Qe7 
23. P@f7+ Qxf7 24. Nxf7 Kxf7 25. Bh6 P@f6 26. P@g7 Bd7 27. P@e5 N@f4 28. Bxf4 
Nxf4 29. N@h6+ Kxg7 30. exf6+ Kxf6 31. Q@f7+ Kg5 32. h4+ Kxh6 33. P@g5# 
{LINDEGREN checkmated} 1-0

[Event "fics rated crazyhouse match"]
[Site "fics, Oklahoma City, OK USA"]
[Date "2000.11.28"]
[White "LINDEGREN"]
[WhiteElo "2358"]
[Black "pminear"]
[BlackElo "2492"]
[TimeControl "60+0"]
[Result "0-1"]

1. e4 e5 2. Nf3 Nc6 3. d4 exd4 4. Nxd4 Nf6 5. Nxc6 bxc6 6. Bd3 
d6 7. O-O P@h3 8. gxh3 Bxh3 9. Nc3 Bxf1 10. Qxf1 N@f3+ 11. Kh1 R@g1+ 
12. Qxg1 Nxg1 13. Kxg1 Ng4 14. B@g3 P@f3 15. N@e1 Ne5 16. N@f4 Nxd3 17. cxd3 
B@g2 18. Nfxg2 fxg2 19. Kxg2 h5 20. B@h3 N@g4 21. P@f3 Be7 22. fxg4 hxg4 
23. Bxg4 P@h3+ 24. Bxh3 Rxh3 25. Kxh3 Q@h5+ 26. Kg2 B@h3+ 27. Kg1 Bh4 28. R@g8+ 
Ke7 29. Rxd8 Rxd8 30. Bxh4+ Qxh4 31. B@g5+ B@f6 32. Bxh4 R@f1# 
{LINDEGREN checkmated} 0-1

[Event "fics rated crazyhouse match"]
[Site "fics, Oklahoma City, OK USA"]
[Date "2000.11.28"]
[White "pminear"]
[WhiteElo "2497"]
[Black "LINDEGREN"]
[BlackElo "2353"]
[TimeControl "60+0"]
[Result "1-0"]

1. e4 Nf6 2. Nc3 d5 3. exd5 Nxd5 4. d4 e6 5. Nxd5 exd5 6. Nf3 
Bb4+ 7. Bd2 Qe7+ 8. Be2 Bxd2+ 9. Qxd2 N@e4 10. Qe3 B@h6 11. P@g5 Bxg5 
12. Nxg5 P@d2+ 13. Kf1 Nc6 14. Nxe4 dxe4 15. N@d5 N@f5 16. Nxe7 Nxe3+ 17. fxe3 
P@h3 18. Nxc6 hxg2+ 19. Kf2 gxh1=N+ 20. Rxh1 R@g2+ 21. Kxg2 P@h3+ 22. Kg3 Q@g2+ 
23. Kh4 O-O 24. R@g3 Qxh1 25. N@h6# 
{LINDEGREN resigns} 1-0

[Event "fics rated crazyhouse match"]
[Site "fics, Oklahoma City, OK USA"]
[Date "2000.11.28"]
[White "LINDEGREN"]
[WhiteElo "2348"]
[Black "pminear"]
[BlackElo "2502"]
[TimeControl "60+0"]
[Result "0-1"]

1. e4 e5 2. Nc3 Nc6 3. Nf3 Bc5 4. Bc4 Nf6 5. O-O O-O 6. h3 
d6 7. d3 Nd4 8. Be3 Nxf3+ 9. Qxf3 N@h4 10. Qe2 Nxg2 11. Kxg2 Bxe3 
12. fxe3 Bxh3+ 13. Kh1 P@g2+ 14. Kh2 gxf1=Q 15. Rxf1 R@g2+ 16. Qxg2 Bxg2 17. Kxg2 
P@h3+ 18. Kf2 Ng4+ 19. Ke1 Qh4+ 20. Kd1 Nxe3+ 21. Kc1 P@d2+ 22. Kb1 Nxf1 
23. R@d1 R@c1+ 24. Rxc1 dxc1=Q# 
{LINDEGREN resigns} 0-1

[Event "fics rated crazyhouse match"]
[Site "fics, Oklahoma City, OK USA"]
[Date "2000.11.28"]
[White "pminear"]
[WhiteElo "2507"]
[Black "LINDEGREN"]
[BlackElo "2343"]
[TimeControl "60+0"]
[Result "1-0"]

1. e4 e6 2. Nc3 d5 3. exd5 exd5 4. Bb5+ Nc6 5. Qe2+ P@e6 6. Nf3 
Nf6 7. Ne5 Bd7 8. Bxc6 Bxc6 9. Nxf7 B@h5 10. Qxe6+ Qe7 11. Qxe7+ Bxe7 
12. Nxh8 d4 13. P@e6 dxc3 14. P@f7+ Kd8 15. R@g8+ N@f8 16. Q@d3+ Q@d6 17. N@d4 
Bxg2 18. Rxf8+ Bxf8 19. e7+ Kxe7 20. Nf5+ Kd8 21. Qxd6+ Bxd6 22. f8=Q+ Bxf8 
23. P@e7+ Bxe7 24. Q@d3+ Bd6 25. N@f7# 
{LINDEGREN forfeits on time} 1-0

[Event "fics rated crazyhouse match"]
[Site "fics, Oklahoma City, OK USA"]
[Date "2000.11.28"]
[White "LINDEGREN"]
[WhiteElo "2338"]
[Black "pminear"]
[BlackElo "2511"]
[TimeControl "60+0"]
[Result "0-1"]

1. e4 e5 2. Nf3 Nc6 3. d4 exd4 4. Nxd4 Nf6 5. Nxc6 bxc6 6. Bd3 
d6 7. Nc3 N@e5 8. Bg5 P@h3 9. Rg1 hxg2 10. Rxg2 Be7 11. P@e2 Bh3 
12. Rg1 Nfg4 13. Bxe7 Qxe7 14. N@f5 P@e3 15. Nxe3 Nxe3 16. fxe3 N@g2+ 17. Rxg2 
Bxg2 18. Kd2 B@g5 19. P@f2 Ng4 20. N@f5 Nxf2 21. Nxe7 Nxd1 22. P@d7+ Kxe7 
23. N@f5+ Kxd7 24. Rxd1 P@d4 25. B@f2 dxe3+ 26. Bxe3 Bxe3+ 27. Nxe3 B@g5 28. Q@f5+ 
N@e6 29. P@f2 P@d4 30. Qxf7+ R@e7 31. Qxe6+ Rxe6 32. N@e5+ dxe5 33. N@c5+ Ke7 
34. Nxe6 dxe3+ 35. Kc1 Q@a1+ 36. Nb1 P@d2+ 37. Rxd2 exd2# 
{LINDEGREN forfeits on time} 0-1

[Event "fics rated crazyhouse match"]
[Site "fics, Oklahoma City, OK USA"]
[Date "2000.11.28"]
[White "pminear"]
[WhiteElo "2515"]
[Black "LINDEGREN"]
[BlackElo "2334"]
[TimeControl "60+0"]
[Result "0-1"]

1. e4 e6 2. Nc3 b6 3. d4 Bb7 4. Bd3 Nf6 5. Nf3 Be7 6. Bg5 
d5 7. e5 Ne4 8. Bxe7 Qxe7 9. B@h4 f6 10. exf6 gxf6 11. P@e5 P@g7 
12. exf6 gxf6 13. Bxe4 dxe4 14. Bxf6 Qxf6 15. P@e5 Qf7 16. N@f6+ Kd8 17. Ncxe4 
P@g4 18. P@d6 gxf3 19. dxc7+ Kxc7 20. P@d6+ Kc8 21. Qxf3 N@h4 22. d7+ Kd8 
23. Qg4 Nxg2+ 24. Qxg2 Nxd7 25. P@c7+ Kxc7 26. N@b5+ Kd8 27. P@c7+ Ke7 28. Nxd7 
Bxe4 29. Qxe4 N@f3+ 30. Kd1 P@e2+ 31. Qxe2 Kxd7 32. N@f6+ Kc8 33. B@a6+ P@b7 
34. P@d7+ Qxd7 35. Nxd7 B@c6 36. Q@b8+ Kxd7 
{pminear forfeits on time} 0-1

[Event "fics rated crazyhouse match"]
[Site "fics, Oklahoma City, OK USA"]
[Date "2000.11.28"]
[White "LINDEGREN"]
[WhiteElo "2346"]
[Black "pminear"]
[BlackElo "2503"]
[TimeControl "60+0"]
[Result "0-1"]

1. e4 e5 2. Nf3 Nc6 3. d4 Bc5 4. dxc5 d6 5. cxd6 cxd6 6. Bc4 
Nf6 7. Bxf7+ Kxf7 8. Ng5+ Kf8 9. B@d5 B@h5 10. P@f3 Nd4 11. Be3 P@f7 
12. Bxd4 exd4 13. O-O Nxd5 14. Nxh7+ Rxh7 15. exd5 B@h3 16. N@f4 Bxg2 17. Nxg2 
P@e4 18. P@g4 exf3 19. Qxf3 Bcxg4 20. Qd3 B@f5 21. P@e4 N@f3+ 22. Kh1 P@h3 
23. N@f4 hxg2+ 24. Nxg2 P@h3 25. Nf4 Bxe4 26. Qxe4 P@g2+ 27. Nxg2 hxg2+ 28. Kxg2 
Bh3+ 29. Kxh3 Bg6+ 30. P@h6 Rxh6+ 31. Kg2 Bxe4 32. P@e7+ Qxe7 33. h3 Q@h2# 
{LINDEGREN checkmated} 0-1

[Event "fics rated crazyhouse match"]
[Site "fics, Oklahoma City, OK USA"]
[Date "2000.11.28"]
[White "pminear"]
[WhiteElo "2508"]
[Black "LINDEGREN"]
[BlackElo "2341"]
[TimeControl "60+0"]
[Result "1-0"]

1. e4 Nf6 2. Nc3 Nc6 3. d4 e5 4. dxe5 Nxe5 5. Nf3 Neg4 6. Bc4 
P@e6 7. O-O Bd6 8. P@f4 O-O 9. e5 Be7 10. exf6 Bxf6 11. Ng5 d5 
12. Qxg4 dxc4 13. N@h5 B@f5 14. Nxf6+ Qxf6 15. Qh5 Bg6 16. Qh3 e5 17. B@g4 
Bxg4 18. Qxg4 B@f5 19. fxe5 Qxe5 20. B@d4 Bxg4 21. Bxe5 P@f3 22. N@h6+ Kh8 
23. Q@g8# 
{LINDEGREN resigns} 1-0

[Event "fics rated crazyhouse match"]
[Site "fics, Oklahoma City, OK USA"]
[Date "2000.11.28"]
[White "LINDEGREN"]
[WhiteElo "2337"]
[Black "pminear"]
[BlackElo "2512"]
[TimeControl "60+0"]
[Result "0-1"]

1. e4 e5 2. Nc3 Nc6 3. Nf3 Bc5 4. Bc4 Nf6 5. Bxf7+ Kxf7 6. Ng5+ 
Kf8 7. O-O B@h5 8. P@f3 d6 9. d3 h6 10. Nh3 Bxh3 11. gxh3 Nd4 
12. B@g2 N@h4 13. Be3 Ndxf3+ 14. Kh1 Nxg2 15. Bxc5 Ngh4 16. Rg1 Nxg1 17. Qxg1 
B@f3+ 18. B@g2 Nxg2 19. N@e6+ Ke7 20. Nxd8 Nf4+ 21. Q@g2 Nxg2 22. Bxd6+ cxd6 
{LINDEGREN resigns} 0-1

[Event "fics rated crazyhouse match"]
[Site "fics, Oklahoma City, OK USA"]
[Date "2000.11.28"]
[White "pminear"]
[WhiteElo "2516"]
[Black "LINDEGREN"]
[BlackElo "2333"]
[TimeControl "60+0"]
[Result "1-0"]

1. e4 e6 2. Nc3 Nf6 3. e5 Nd5 4. Nxd5 exd5 5. d4 d6 6. Nf3 
Nc6 7. Bb5 Be7 8. Qe2 O-O 9. Bxc6 bxc6 10. exd6 cxd6 11. P@h6 gxh6 
12. Bxh6 N@f5 13. Bxf8 Qxf8 14. P@g4 Nh6 15. g5 B@g7 16. gxh6 Bxh6 17. R@g3+ 
P@g7 18. N@g4 B@f4 19. Nxh6+ Bxh6 20. B@d2 P@f4 21. Bxf4 Bxf4 22. N@h5 Bh6 
23. P@g5 Bexg5 24. Nxg5 Bxg5 25. Rxg5 B@h6 26. B@e7 P@d2+ 27. Kf1 Qe8 28. N@f6+ 
Kh8 29. Nxe8 P@h3 30. Q@f8+ N@g8 31. Rxg7 hxg2+ 32. Rxg2 Bxf8 33. Bxf8 h6 
34. P@g7+ Kh7 35. Nhf6+ Nxf6 36. Nxf6# 
{LINDEGREN checkmated} 1-0

[Event "fics rated crazyhouse match"]
[Site "fics, Oklahoma City, OK USA"]
[Date "2000.11.28"]
[White "LINDEGREN"]
[WhiteElo "2329"]
[Black "pminear"]
[BlackElo "2520"]
[TimeControl "60+0"]
[Result "0-1"]

1. e4 e5 2. Nf3 Nc6 3. d4 exd4 4. Nxd4 Nf6 5. Nxc6 bxc6 6. Bd3 
d6 7. Nc3 N@e5 8. P@g5 Nfg4 9. Be3 Nxe3 10. fxe3 Qxg5 11. Qe2 P@h3 
12. gxh3 B@f3 13. Qf2 Bxh1 14. O-O-O P@d4 15. P@f4 dxe3 16. Qxe3 R@f3 17. fxg5 
Rxe3 18. N@d5 cxd5 19. Nxd5 Q@a1+ 20. Q@b1 Nxd3+ 21. cxd3 N@e2+ 22. Kd2 Qxb1 
23. Rxb1 Rxd3+ 24. Kxd3 Ba6+ 25. P@c4 Bxc4+ 26. Kxc4 Q@d4+ 27. Kb5 Rb8+ 28. P@b6 
B@c4+ 29. Ka4 Bxd5+ 30. b4 Nc3+ 31. Ka3 Nb5+ 32. Ka4 N@c3+ 33. Ka5 Qxb6# 
{LINDEGREN checkmated} 0-1

[Event "fics rated crazyhouse match"]
[Site "fics, Oklahoma City, OK USA"]
[Date "2000.11.28"]
[White "pminear"]
[WhiteElo "2524"]
[Black "LINDEGREN"]
[BlackElo "2325"]
[TimeControl "60+0"]
[Result "1-0"]

1. e4 e6 2. Nc3 b6 3. d4 Bb7 4. Bd3 Nf6 5. Bg5 Be7 6. Nf3 
d5 7. e5 Ne4 8. Bxe7 Qxe7 9. B@h4 f6 10. exf6 Nxf6 11. P@e5 Nbd7 
12. exf6 gxf6 13. N@h5 P@g7 14. Nb5 Rc8 15. Nxa7 Rb8 16. P@c6 Nf8 17. cxb7 
P@d7 18. B@e5 Rxb7 19. Bexf6 gxf6 20. Nxf6+ Kf7 21. Ne5+ Kg7 22. P@h6+ Kxh6 
23. Qh5+ Kg7 24. P@h6# 
{LINDEGREN checkmated} 1-0

[Event "fics rated crazyhouse match"]
[Site "fics, Oklahoma City, OK USA"]
[Date "2000.11.28"]
[White "LINDEGREN"]
[WhiteElo "2321"]
[Black "pminear"]
[BlackElo "2528"]
[TimeControl "60+0"]
[Result "0-1"]

1. e4 e5 2. Nf3 Nc6 3. Bc4 Bc5 4. Bxf7+ Kxf7 5. O-O B@f6 6. c3 
Kf8 7. P@f5 Nh6 8. d3 Nf7 9. Be3 Bxe3 10. fxe3 B@h6 11. Qe2 d5 
12. exd5 Qxd5 13. B@e4 Qd8 14. P@e6 Nd6 15. Nbd2 P@d5 16. Rad1 dxe4 17. dxe4 
B@b6 18. Kh1 Bhxe3 19. P@d5 Ne7 20. Nc4 Nxc4 21. Qxc4 N@d6 22. Qe2 P@g4 
23. Ne1 h5 24. N@g6+ Nxg6 25. fxg6 h4 26. N@h7+ Ke7 27. Qxg4 N@f2+ 28. Rxf2 
Bxf2 29. Nf3 Bfe3 30. N@f5+ Nxf5 31. exf5 N@f2# 
{LINDEGREN resigns} 0-1

[Event "fics rated crazyhouse match"]
[Site "fics, Oklahoma City, OK USA"]
[Date "2000.11.28"]
[White "RFrancisco"]
[WhiteElo "2348"]
[Black "LINDEGREN"]
[BlackElo "2317"]
[TimeControl "60+0"]
[Result "1-0"]

1. e4 Nf6 2. Nc3 Nc6 3. d4 d5 4. e5 Ne4 5. Nf3 e6 6. Be2 
Bb4 7. Bd2 Bxc3 8. bxc3 Nxd2 9. Nxd2 N@f4 10. O-O Nxg2 11. Kxg2 B@e4+ 
12. Nxe4 dxe4 13. f3 N@f4+ 14. Kg1 P@g2 15. Re1 Nxe5 16. fxe4 Nxe2+ 17. Qxe2 
P@f3 18. Qf2 B@b2 19. Rad1 Bxc3 20. N@g3 P@f4 21. N@h5 fxg3 22. Nxg7+ Kf8 
23. Qxg3 Bxe1 24. Nxe6+ Ke7 25. B@f6+ Kxe6 26. N@g7+ Kd6 27. Qxe5+ Kc6 28. Qc5+ 
Kd7 29. N@e5# 
{LINDEGREN checkmated} 1-0

[Event "fics rated crazyhouse match"]
[Site "fics, Oklahoma City, OK USA"]
[Date "2000.11.28"]
[White "LINDEGREN"]
[WhiteElo "2310"]
[Black "RFrancisco"]
[BlackElo "2355"]
[TimeControl "60+0"]
[Result "1-0"]

1. e4 e6 2. Nc3 Nc6 3. d4 Bb4 4. Nf3 Nf6 5. Bd3 d5 6. exd5 
exd5 7. Qe2+ P@e4 8. P@g5 Ng4 9. Bxe4 dxe4 10. Qxe4+ Be6 11. O-O Bxc3 
12. bxc3 B@d5 13. Qe2 Bxf3 14. Qxf3 N@h4 15. Qe2 Nxd4 16. cxd4 P@f3 17. gxf3 
Qxd4 18. P@g2 Nxg2 19. N@h5 Nh4 20. P@g2 Nxh2 21. Nxg7+ Qxg7 22. B@f6 N2xf3+ 
23. gxf3 Qxf6 24. P@d7+ Kxd7 25. P@c6+ Kc8 26. cxb7+ Kxb7 27. Qb5# 
{RFrancisco forfeits on time} 1-0